Map: Nightshade LE

Players

Harstem

  • Race: Protoss Protoss
  • Spawn Location: 11:00

Namshar - Winner!

  • Race: Zerg Zerg
  • Spawn Location: 5:00

Event: IEM Katowice 2020

VOD

Have the link to the VOD?

Description

Time

  • Played on: Feb. 25, 2020, 4:44 a.m.
  • Length: 13:24

All games in this series

Show
View Real Time Build Order
Export as new Build Order

Harstem Protoss 

Build Orders: 1 Gate Expand 

Get SALT Encoding   

  12  0:01  Probe  
  13  0:13  Pylon  
  13  0:18  Probe (Chrono Boost)  
  14  0:28  Probe (Chrono Boost)  
  15  0:33  Probe (Chrono Boost)  
  16  0:38  Gateway  
  16  0:44  Probe  
  17  0:50  Assimilator  
  17  0:56  Probe  
  18  1:08  Probe  
  19  1:20  Probe  
  20  1:27  Nexus  
  20  1:37  Cybernetics Core  
  20  1:39  Probe  
  21  1:48  Assimilator  
  21  1:51  Probe  
  22  1:56  Pylon  
  22  2:04  Probe  
  23  2:11  Adept (Chrono Boost)  
  25  2:16  Probe  
  25  2:22  Twilight Council  
  26  2:28  Probe (Chrono Boost)  
  27  2:30  Warp Gate  
  27  2:31  Stalker (Chrono Boost)  
  29  2:39  Probe (Chrono Boost)  
  31  2:46  Probe (Chrono Boost)  
  31  2:48  Probe (Chrono Boost)  
  32  2:53  Robotics Facility  
  32  2:54  Probe  
  33  3:01  Probe  
  34  3:06  Probe  
  34  3:07  Gateway  
  35  3:14  Probe  
  35  3:18  Probe  
  37  3:23  Gateway, Resonating Glaives (Chrono Boost)  
  37  3:25  Gateway  
  37  3:26  Probe  
  38  3:30  Probe  
  39  3:38  Probe, Warp Prism (Chrono Boost)  
  40  3:45  Pylon  
  40  3:47  Probe  
  43  3:52  Probe, Pylon  
  44  3:58  Pylon  
  44  3:59  Probe  
  45  4:04  Probe  
  45  4:09  Assimilator  
  46  4:11  Probe, Assimilator  
  47  4:20  Adept x4  
  47  4:21  Probe  
  56  4:29  Dark Shrine  
  57  4:31  Pylon  
  56  4:41  Adept x4  
  64  5:02  Adept x3, Sentry  
  64  5:04  Probe  
  64  5:05  Probe  
  72  5:13  Pylon  
  70  5:16  Probe  
  69  5:29  Adept x4  
  69  5:34  Nexus  
  63  5:41  Probe  
  58  5:44  Probe  
  58  5:49  Dark Templar x2  
  63  5:50  Dark Templar  
  65  5:58  Immortal (Chrono Boost)  
  65  5:59  Probe  
  65  6:00  Probe  
  65  6:02  Pylon  
  71  6:11  Probe  
  70  6:13  Probe  
  70  6:17  Forge  
  69  6:19  Phoenix  
  69  6:23  Probe  
  69  6:25  Probe, Sentry, Stalker x2  
  73  6:28  Stalker  
  73  6:31  Immortal (Chrono Boost)  
  75  6:35  Probe  
  75  6:38  Probe  
  81  6:41  Shield Battery  
  81  6:46  Protoss Ground Weapons Level 1 (Chrono Boost)  
  81  6:47  Probe x2  
  81  6:50  Probe  
  81  6:53  Phoenix  
  81  6:54  Adept  
  86  6:59  Probe  
  86  7:00  Immortal (Chrono Boost)  
  87  7:06  Probe  
  93  7:08  Probe  
  93  7:10  Pylon  
  93  7:12  Probe  
  94  7:18  Pylon  
  94  7:19  Probe  
  94  7:22  Assimilator  
  95  7:24  Probe  
  95  7:25  Assimilator  
  95  7:29  Photon Cannon  
  96  7:30  Zealot  
  96  7:33  Probe, Immortal (Chrono Boost)  
  96  7:36  Shield Battery  
  103  7:39  Templar Archives  
  103  7:41  Pylon, Stargate  
  103  7:43  Probe  
  104  7:46  Probe  
  104  7:49  Probe  
  106  7:55  Probe  
  106  7:56  Gateway  
  106  7:57  Gateway  
  107  8:00  Pylon  
  107  8:01  Gateway  
  107  8:03  Gateway  
  107  8:05  Pylon  
  107  8:08  Photon Cannon  
  107  8:10  Pylon  
  107  8:11  Immortal (Chrono Boost), Psionic Storm  
  111  8:24  Phoenix (Chrono Boost)  
  111  8:26  Probe, High Templar  
  116  8:31  Probe  
  117  8:34  High Templar, Shield Battery  
  117  8:38  Pylon  
  119  8:45  Phoenix (Chrono Boost)  
  121  8:49  High Templar  
  121  8:50  Photon Cannon  
  123  8:57  High Templar  
  123  8:58  Nexus  
  123  8:59  Zealot x3  
  123  9:00  Pylon  
  131  9:03  Protoss Ground Weapons Level 2 (Chrono Boost), Observer (Chrono Boost)  
  131  9:09  Probe  
  133  9:15  Gateway x2  
  133  9:18  High Templar, Zealot x2  
  133  9:21  Immortal (Chrono Boost)  
  143  9:27  Pylon  
  143  9:30  Assimilator  
  143  9:33  Assimilator, Zealot  
  145  9:40  High Templar  
  145  9:41  Photon Cannon  
  145  9:45  Photon Cannon  
  145  9:57  Immortal (Chrono Boost)  
  145  9:58  High Templar  
  145  9:59  Zealot x4  
  153  10:14  Zealot x5  
  153  10:17  Fleet Beacon  
  159  10:35  Zealot x3  
  165  10:37  Probe  
  165  10:39  Probe  
  165  10:42  Zealot x7  
  179  10:47  Photon Cannon  
  179  10:48  Pylon  
  179  10:52  Charge, Immortal (Chrono Boost)  
  179  11:07  Zealot x5  
  185  11:12  Zealot x3  
  187  11:20  High Templar x2  
  189  11:25  Photon Cannon  
  179  11:36  Zealot x4  
  179  11:37  Photon Cannon  
  179  11:38  Photon Cannon  
  179  11:39  Mothership (Chrono Boost)  
  187  11:57  Zealot x3  
  187  11:58  Observer  
  172  12:10  Zealot x4  
  148  12:18  Probe (Chrono Boost)  
  148  12:22  Zealot x6  
  134  12:26  Immortal (Chrono Boost)  
  139  12:30  Probe (Chrono Boost)  
  139  12:31  Zealot x2  
  139  12:35  Zealot  
  145  12:37  Zealot  
  147  12:45  Zealot x2  
  147  12:46  Zealot x2  
  147  12:50  High Templar  
  147  12:51  High Templar x2  
  157  13:03  Zealot x3  
  143  13:07  Dark Templar, Zealot x3  
Show
View Real Time Build Order
Export as new Build Order

Namshar Zerg - Winner!

Build Orders: Hatch First, Lurkers, Roach Hydra 

Get SALT Encoding   

  12  0:00  Drone  
  13  0:12  Overlord  
  13  0:16  Drone  
  14  0:30  Drone x2  
  16  0:45  Drone  
  16  0:46  Drone  
  18  0:55  Hatchery  
  17  0:58  Drone  
  18  1:04  Extractor  
  17  1:12  Spawning Pool  
  17  1:15  Drone  
  17  1:18  Drone  
  18  1:29  Drone  
  19  1:39  Overlord  
  19  1:58  Queen  
  19  1:59  Zergling x2  
  19  2:00  Zergling x2  
  23  2:05  Metabolic Boost  
  23  2:07  Queen  
  25  2:08  Drone  
  25  2:11  Drone  
  27  2:18  Drone  
  27  2:21  Drone  
  29  2:29  Drone  
  30  2:34  Drone  
  31  2:41  Hatchery  
  30  2:45  Pneumatized Carapace  
  30  2:49  Drone  
  31  2:56  Overlord  
  31  3:01  Drone x2  
  31  3:05  Drone x2  
  34  3:10  Zergling x2  
  35  3:19  Drone  
  36  3:20  Queen  
  36  3:21  Drone  
  36  3:22  Drone  
  36  3:25  Overlord  
  40  3:33  Overlord  
  40  3:39  Roach Warren  
  39  3:42  Drone  
  39  3:43  Drone  
  39  3:48  Drone x5  
  46  3:55  Drone  
  47  3:57  Extractor  
  47  3:58  Extractor, Drone x2  
  47  4:04  Lair, Drone  
  48  4:11  Overlord  
  48  4:14  Queen  
  50  4:17  Drone  
  50  4:20  Overlord x2  
  51  4:26  Roach x2  
  51  4:28  Roach  
  51  4:29  Roach  
  59  4:34  Roach  
  59  4:37  Roach x2  
  65  4:43  Roach x2  
  69  4:48  Roach  
  71  4:54  Roach x2  
  71  4:58  Roach  
  75  5:01  Roach  
  76  5:10  Roach  
  76  5:16  Roach x3  
  82  5:25  Roach x3  
  86  5:30  Drone  
  80  5:40  Drone  
  80  5:41  Drone x7  
  86  5:45  Glial Reconstitution  
  86  5:54  Overseer  
  86  5:55  Overseer  
  86  5:58  Drone x2  
  86  6:00  Drone  
  86  6:01  Drone  
  86  6:03  Overlord  
  86  6:11  Drone  
  87  6:22  Drone x6  
  91  6:32  Overlord x2  
  91  6:35  Drone  
  91  6:36  Drone x3  
  91  6:38  Evolution Chamber  
  94  6:40  Overseer  
  94  6:43  Drone x3  
  94  6:45  Overlord  
  97  6:48  Drone  
  97  6:52  Drone x3  
  101  6:56  Drone x2  
  101  6:58  Overlord  
  103  7:01  Drone  
  103  7:02  Drone x2  
  106  7:12  Zerg Missile Weapons Level 1  
  106  7:13  Drone  
  106  7:14  Drone  
  108  7:18  Extractor, Drone  
  108  7:19  Extractor  
  107  7:23  Overlord  
  107  7:25  Extractor, Overlord  
  107  7:27  Hatchery  
  107  7:28  Roach x2  
  109  7:36  Drone x2  
  111  7:37  Drone  
  111  7:38  Drone x3  
  111  7:39  Hydralisk Den  
  111  7:40  Drone x3  
  111  7:41  Drone  
  111  7:42  Drone  
  111  7:44  Drone  
  120  7:47  Roach  
  120  7:48  Roach  
  120  7:50  Overseer  
  124  7:56  Overlord  
  124  7:57  Overlord  
  124  8:10  Overlord x2  
  124  8:12  Grooved Spines  
  124  8:16  Overlord x2  
  124  8:20  Ravager x2  
  124  8:21  Ravager x2  
  124  8:25  Hydralisk  
  124  8:26  Hydralisk x5  
  140  8:32  Drone  
  140  8:33  Drone x4  
  145  8:37  Drone x3, Infestation Pit  
  145  8:38  Drone x3  
  150  8:43  Overseer  
  150  8:47  Drone  
  150  8:48  Drone x5  
  156  8:51  Queen  
  156  8:53  Overlord  
  156  8:55  Drone  
  159  8:59  Extractor  
  159  9:00  Extractor, Overlord  
  157  9:07  Zerg Missile Weapons Level 2  
  157  9:09  Drone  
  158  9:13  Lurker Den, Hive  
  157  9:18  Drone x2  
  157  9:19  Spore Crawler, Hydralisk x3  
  157  9:20  Spine Crawler  
  157  9:24  Muscular Augments  
  163  9:30  Hydralisk x6  
  175  9:37  Hydralisk x3  
  181  9:43  Hydralisk x3  
  187  9:55  Hatchery  
  187  9:57  Hydralisk  
  187  9:58  Hydralisk x3  
  192  10:08  Drone x4  
  192  10:09  Extractor  
  192  10:12  Extractor, Hydralisk x4  
  200  10:16  Drone  
  200  10:18  Spine Crawler  
  199  10:30  Seismic Spines  
  193  11:20  Lurker x2  
  193  11:21  Lurker x5  
  200  11:27  Adaptive Talons  
  180  11:33  Lurker x9  
  180  11:34  Hydralisk  
  183  11:45  Hydralisk  
  183  11:46  Zergling x12  
  180  12:06  Hydralisk x2  
  180  12:07  Hydralisk x7  
  166  12:11  Hydralisk x2  
  166  12:12  Zergling x16  
  166  12:13  Zergling x2, Overseer  
  156  12:16  Hydralisk x2  
  156  12:17  Hydralisk  
  156  12:20  Hydralisk  
  156  12:21  Zergling x26  
  162  12:31  Overseer  
  162  12:32  Hydralisk x5  
  172  12:40  Drone x4  
  172  12:43  Hydralisk  
  175  12:44  Hydralisk x4  
  185  12:51  Spore Crawler  
  185  12:52  Spine Crawler  
  185  12:55  Lurker x2  
  184  13:05  Zergling x8  

Tags
 
Add a new tag
Caveats
  • Supply blocks, unpowered buildings, or Contaminate may cause inaccurate times.
  • Supply counts are checked every 10 seconds.